Map: [ESL] Dragon Scales

Players

Firefly

  • Race: Protoss Protoss
  • Spawn Location: 5:00

Oliveira - Winner!

  • Race: Terran Terran
  • Spawn Location: 11:00

Event: ESL SC2 Masters 2023 Summer (Regionals)

VOD

Have the link to the VOD?

Description

Time

  • Played on: May 6, 2023, 8:17 a.m.
  • Length: 7:55

All games in this series

Show
View Real Time Build Order
Export as new Build Order

Firefly Protoss 

Build Orders: 1 Gate Expand, Double Forge, Blink Stalkers 

Get SALT Encoding   

  12  0:00  Probe  
  13  0:12  Probe  
  14  0:17  Pylon  
  14  0:24  Probe (Chrono Boost)  
  15  0:36  Probe (Chrono Boost)  
  15  0:38  Gateway  
  16  0:45  Probe (Chrono Boost)  
  16  0:46  Assimilator  
  17  0:50  Probe  
  18  1:03  Probe  
  19  1:19  Nexus  
  19  1:28  Cybernetics Core  
  19  1:31  Probe  
  20  1:37  Assimilator  
  20  1:44  Probe  
  21  1:47  Pylon  
  21  1:56  Probe  
  22  2:03  Adept (Chrono Boost)  
  22  2:06  Warp Gate  
  22  2:08  Probe (Chrono Boost)  
  25  2:20  Probe (Chrono Boost)  
  26  2:25  Twilight Council  
  26  2:27  Probe (Chrono Boost), Stalker  
  29  2:31  Probe (Chrono Boost)  
  31  2:40  Probe x2 (Chrono Boost)  
  32  2:46  Probe (Chrono Boost)  
  32  2:47  Probe  
  34  2:58  Probe  
  35  2:59  Blink (Chrono Boost)  
  35  3:00  Probe  
  35  3:02  Gateway  
  36  3:10  Probe (Chrono Boost)  
  38  3:15  Robotics Facility  
  38  3:17  Probe (Chrono Boost)  
  39  3:21  Probe (Chrono Boost)  
  39  3:26  Probe x2 (Chrono Boost)  
  40  3:27  Gateway  
  41  3:36  Probe x2  
  43  3:46  Nexus  
  43  3:49  Probe  
  43  3:51  Pylon  
  43  3:52  Probe  
  45  3:58  Pylon  
  45  4:01  Probe  
  46  4:09  Observer, Stalker x2  
  47  4:17  Probe x2  
  47  4:23  Stalker  
  50  4:29  Probe x2  
  52  4:34  Assimilator  
  52  4:35  Assimilator  
  52  4:41  Probe x2  
  52  4:43  Forge  
  54  4:49  Forge  
  54  4:54  Probe x2 (Chrono Boost), Charge  
  54  4:59  Probe (Chrono Boost)  
  57  5:06  Probe x2 (Chrono Boost), Observer  
  60  5:09  Probe (Chrono Boost)  
  60  5:11  Probe x2 (Chrono Boost), Shield Battery  
  60  5:13  Stalker  
  65  5:14  Stalker  
  65  5:17  Probe, Stalker  
  65  5:20  Probe  
  70  5:39  Pylon  
  70  5:40  Nexus, Pylon  
  56  5:58  Stalker x2  
  56  5:59  Stalker  
  56  6:01  Probe x2  
  55  6:13  Probe  
  46  6:21  Probe (Chrono Boost)  
  46  6:24  Stalker x3  
  46  6:25  Probe (Chrono Boost)  
  48  6:33  Probe (Chrono Boost)  
  48  6:36  Probe (Chrono Boost)  
  48  6:38  Probe (Chrono Boost)  
  50  6:40  Probe (Chrono Boost)  
  50  6:42  Robotics Bay  
  51  6:47  Probe  
  51  6:51  Probe  
  53  6:55  Probe (Chrono Boost)  
  53  7:00  Probe (Chrono Boost)  
  54  7:07  Probe (Chrono Boost), Gateway  
  56  7:09  Probe (Chrono Boost)  
  56  7:10  Gateway  
  56  7:11  Probe (Chrono Boost)  
  56  7:13  Gateway  
  56  7:14  Probe (Chrono Boost)  
  56  7:15  Gateway  
  58  7:16  Probe (Chrono Boost)  
  58  7:17  Probe (Chrono Boost)  
  58  7:21  Probe  
  61  7:30  Sentry x3  
  61  7:31  Shield Battery  
  73  7:41  Shield Battery  
Show
View Real Time Build Order
Export as new Build Order

Oliveira Terran - Winner!

Build Orders: 1/1/1 

Get SALT Encoding   

  12  0:00  SCV  
  13  0:12  SCV  
  14  0:17  Supply Depot  
  14  0:24  SCV  
  15  0:38  SCV  
  15  0:40  Barracks  
  16  0:43  Refinery  
  16  0:50  SCV  
  16  0:54  Refinery  
  17  1:03  SCV  
  18  1:15  SCV  
  19  1:27  Orbital Command, Reaper  
  19  1:29  Supply Depot  
  20  1:42  Factory  
  20  1:53  SCV  
  21  1:59  Barracks Reactor  
  21  2:05  SCV  
  22  2:16  Command Center  
  22  2:17  SCV  
  23  2:29  Starport, SCV  
  24  2:36  Widow Mine  
  26  2:39  Supply Depot  
  26  2:42  SCV  
  27  2:46  Marine  
  27  2:48  Marine  
  29  2:54  SCV  
  30  3:01  Widow Mine  
  30  3:04  Marine  
  33  3:06  Marine, Medivac  
  33  3:10  SCV  
  37  3:21  Marine  
  37  3:22  SCV  
  37  3:23  Factory Tech Lab  
  39  3:27  Marine  
  39  3:28  Orbital Command  
  40  3:34  SCV  
  40  3:37  Starport Tech Lab  
  41  3:43  Marine  
  41  3:45  Orbital Command, Marine, Siege Tank  
  46  3:50  Supply Depot  
  46  3:55  SCV  
  47  4:01  Marine  
  48  4:03  Marine  
  48  4:09  SCV  
  50  4:17  SCV  
  50  4:18  Siege Tank  
  50  4:19  Marine  
  50  4:20  Marine  
  50  4:21  SCV  
  50  4:22  Raven  
  56  4:31  Supply Depot  
  56  4:33  SCV x2  
  56  4:36  Marine  
  57  4:38  Marine  
  58  4:45  SCV  
  58  4:46  SCV  
  60  4:53  Barracks  
  60  4:54  Barracks, Marine, Siege Tank  
  60  4:57  SCV  
  60  4:58  SCV  
  66  5:00  Marine, Supply Depot  
  67  5:10  SCV x2  
  67  5:11  Engineering Bay  
  69  5:15  Marine, Refinery  
  70  5:21  Marine  
  70  5:22  SCV  
  70  5:23  Supply Depot  
  72  5:34  SCV x2  
  74  5:36  Marine  
  74  5:37  Supply Depot  
  74  5:38  Refinery  
  74  5:40  Terran Infantry Weapons Level 1, Bunker  
  75  5:43  Marine  
  75  5:48  Factory Reactor  
  75  5:49  Starport Reactor  
  76  5:56  Marine x2, Combat Shield  
  76  5:57  Stimpack  
  75  5:58  Marine, SCV  
  74  6:07  Marine  
  70  6:13  SCV  
  70  6:14  Marine  
  70  6:15  Marauder  
  70  6:16  Marauder  
  72  6:25  Marine  
  67  6:27  SCV  
  67  6:29  SCV  
  67  6:30  Medivac x2  
  67  6:32  Marine  
  73  6:33  Widow Mine x2  
  73  6:36  Marauder  
  73  6:37  Marine, Command Center  
  81  6:40  SCV  
  81  6:41  SCV  
  81  6:42  Marine  
  83  6:49  Supply Depot  
  83  6:53  SCV  
  83  6:54  Barracks x2  
  83  6:55  SCV  
  83  6:56  Marine  
  83  7:01  Marine x2, Medivac  
  84  7:05  SCV  
  84  7:07  SCV, Missile Turret  
  88  7:10  Marine  
  89  7:17  SCV  
  89  7:18  Widow Mine x2  
  89  7:20  Marauder  
  96  7:25  Marine x2  
  96  7:28  Marauder  
  99  7:30  SCV  
  99  7:31  SCV  
  102  7:52  Barracks Reactor, Barracks Tech Lab  
Tags
 
Add a new tag
Caveats
  • Supply blocks, unpowered buildings, or Contaminate may cause inaccurate times.
  • Supply counts are checked every 10 seconds.